Map: Deathaura LE

Players

Solar

  • Race: Zerg Zerg
  • Spawn Location: 11:00

Serral - Winner!

  • Race: Zerg Zerg
  • Spawn Location: 5:00

Event: StayAtHomestory Cup #2

VOD

Have the link to the VOD?

Description

Time

  • Played on: June 13, 2020, 12:52 p.m.
  • Length: 16:22

All games in this series

Show
View Real Time Build Order
Export as new Build Order

Solar Zerg 

Build Orders: Hatch First, Muta Ling Bane 

Get SALT Encoding   

  12  0:02  Drone  
  13  0:12  Overlord  
  13  0:17  Drone  
  14  0:31  Drone x2  
  16  0:48  Hatchery  
  15  0:51  Drone  
  15  0:54  Drone  
  17  0:58  Drone  
  18  1:09  Extractor  
  17  1:13  Spawning Pool  
  17  1:16  Drone  
  17  1:19  Drone  
  18  1:28  Drone  
  19  1:39  Drone  
  20  1:50  Drone  
  21  2:00  Queen, Zergling x2  
  21  2:01  Queen, Overlord  
  26  2:11  Drone x2  
  26  2:13  Metabolic Boost  
  28  2:21  Drone  
  28  2:22  Drone  
  30  2:32  Hatchery  
  30  2:34  Drone  
  30  2:37  Drone  
  31  2:44  Drone  
  31  2:46  Overlord  
  32  2:53  Baneling Nest  
  32  2:54  Drone x2  
  33  3:04  Zergling x2  
  33  3:05  Drone  
  35  3:10  Zergling x6  
  35  3:11  Drone x3  
  41  3:18  Drone  
  42  3:21  Overlord  
  42  3:22  Evolution Chamber  
  41  3:30  Drone  
  41  3:31  Drone  
  43  3:46  Drone x8  
  43  3:48  Queen  
  53  3:52  Overlord  
  53  3:55  Drone  
  54  3:59  Drone x2  
  56  4:03  Lair  
  56  4:05  Extractor, Drone  
  56  4:08  Zerg Melee Weapons Level 1  
  56  4:10  Drone x2  
  58  4:17  Zergling x4  
  58  4:19  Drone x3  
  58  4:22  Overlord  
  63  4:27  Drone  
  63  4:28  Drone  
  65  4:34  Extractor, Drone  
  65  4:35  Extractor  
  65  4:37  Overlord  
  63  4:40  Drone  
  63  4:45  Drone  
  65  4:46  Drone x2  
  65  4:50  Drone x5  
  65  4:52  Overlord  
  72  4:58  Drone x3  
  75  5:01  Spire  
  75  5:04  Zergling x6  
  75  5:05  Extractor x2  
  75  5:08  Overlord  
  75  5:12  Drone  
  76  5:15  Drone  
  76  5:17  Overseer  
  78  5:21  Drone x4  
  78  5:22  Overlord  
  78  5:24  Zergling x6, Hatchery  
  78  5:28  Overlord  
  83  5:31  Zergling x2  
  83  5:35  Zergling x6  
  86  5:39  Overlord  
  86  5:41  Zergling x2  
  87  5:45  Overlord  
  87  5:49  Zergling x4  
  89  5:52  Drone  
  89  5:54  Zergling x4  
  88  6:11  Overlord  
  88  6:15  Mutalisk x9  
  100  6:20  Zerg Flyer Weapons Level 1  
  100  6:22  Mutalisk  
  100  6:24  Mutalisk  
  98  6:26  Zergling x12  
  104  6:35  Zergling x6  
  104  6:36  Queen  
  104  6:37  Drone  
  110  6:42  Mutalisk x2  
  110  6:45  Drone  
  115  6:47  Overlord  
  115  6:51  Drone  
  115  6:52  Drone x2  
  115  6:53  Extractor, Centrifical Hooks  
  117  6:54  Zergling x6  
  117  6:57  Overlord  
  117  7:00  Zerg Melee Weapons Level 2, Zergling x6  
  123  7:04  Mutalisk  
  123  7:08  Extractor, Overlord  
  123  7:10  Mutalisk  
  125  7:18  Mutalisk  
  125  7:21  Zergling x6  
  125  7:22  Zergling x8  
  125  7:25  Mutalisk x2  
  125  7:27  Zergling x8  
  129  7:33  Mutalisk  
  129  7:35  Zergling x6  
  133  7:41  Overlord x2  
  133  7:43  Zergling x2  
  134  7:45  Mutalisk  
  134  7:48  Overlord  
  126  7:55  Mutalisk x3  
  126  7:57  Zergling x6  
  133  8:02  Mutalisk  
  134  8:06  Zergling x4  
  134  8:11  Mutalisk x2  
  133  8:13  Zergling x16  
  133  8:19  Mutalisk x2  
  140  8:21  Zergling x4  
  142  8:30  Mutalisk x2  
  142  8:32  Mutalisk  
  143  8:36  Zergling x2  
  136  8:42  Mutalisk x2  
  136  8:44  Zergling x4  
  136  8:47  Baneling x6  
  138  8:51  Zergling x8, Baneling x3  
  138  8:52  Zergling x12  
  148  9:00  Mutalisk x2  
  148  9:02  Zergling x4  
  150  9:04  Baneling x2  
  150  9:10  Zergling x2  
  150  9:11  Zergling x6, Hatchery  
  150  9:17  Mutalisk x3  
  150  9:19  Zergling x14  
  150  9:24  Baneling x6  
  162  9:25  Zergling x2, Overlord  
  162  9:26  Zergling x2  
  162  9:29  Baneling x5  
  162  9:31  Baneling x2  
  164  9:35  Zergling x8  
  164  9:36  Baneling x4  
  168  9:41  Overlord  
  160  9:47  Zergling x14  
  160  9:48  Zergling x10  
  160  9:51  Baneling x4  
  160  9:52  Baneling x9  
  170  9:54  Zergling x2  
  170  9:56  Zergling x4  
  171  10:02  Mutalisk x2  
  163  10:07  Zergling x6  
  163  10:14  Zergling x18  
  165  10:15  Baneling  
  165  10:18  Baneling x6  
  163  10:22  Baneling x6  
  163  10:23  Baneling  
  163  10:24  Baneling  
  163  10:25  Baneling x2  
  163  10:26  Baneling  
  163  10:27  Baneling x3  
  153  10:36  Mutalisk x2  
  153  10:38  Zergling x12  
  153  10:41  Zergling x4  
  151  10:44  Mutalisk  
  151  10:48  Mutalisk x2  
  141  10:51  Zergling x2  
  141  10:53  Zergling x6  
  130  10:57  Infestation Pit  
  130  10:58  Mutalisk  
  130  10:59  Zergling x4  
  130  11:01  Baneling  
  130  11:02  Baneling x3  
  130  11:03  Zergling x2  
  130  11:04  Zergling x2  
  135  11:07  Drone x2  
  135  11:08  Drone  
  135  11:09  Baneling x3  
  137  11:11  Drone  
  137  11:12  Drone  
  137  11:14  Drone  
  137  11:15  Drone  
  137  11:16  Baneling x3  
  137  11:17  Baneling x2  
  139  11:24  Drone x3  
  142  11:26  Zergling x8  
  146  11:33  Baneling x11  
  146  11:37  Zergling x6  
  149  11:43  Hive  
  149  11:48  Zerg Ground Armor Level 1  
  149  11:54  Overlord  
  149  11:56  Drone x2  
  149  12:01  Drone  
  152  12:02  Drone x3  
  152  12:03  Drone  
  154  12:10  Zergling x2  
  154  12:11  Zergling x14  
  158  12:18  Hatchery  
  158  12:21  Drone x4  
  161  12:29  Baneling x6  
  161  12:31  Mutalisk x4  
  161  12:33  Zergling x6  
  161  12:34  Zergling x10  
  177  12:39  Baneling x2  
  177  12:41  Drone x3  
  180  12:49  Extractor  
  179  12:55  Zergling x10  
  179  12:58  Pneumatized Carapace  
  184  12:59  Greater Spire  
  184  13:02  Ultralisk Cavern  
  183  13:08  Overlord  
  183  13:09  Baneling, Overlord  
  183  13:10  Baneling x10  
  183  13:13  Viper x2, Adrenal Glands  
  183  13:19  Overlord  
  189  13:21  Viper  
  189  13:23  Overlord  
  190  13:30  Extractor  
  189  13:40  Overseer  
  182  13:41  Overseer  
  182  13:42  Overseer  
  178  13:50  Ultralisk  
  178  13:51  Ultralisk x2  
  193  13:58  Zergling x2  
  193  13:59  Zergling x12  
  196  14:06  Chitinous Plating  
  196  14:12  Overseer  
  196  14:13  Overseer  
  196  14:14  Baneling x2  
  195  14:23  Zergling x2  
  195  14:24  Zergling x34  
  200  14:26  Baneling x8  
  184  14:33  Ultralisk  
  184  14:34  Zergling x8  
  177  14:46  Zergling x8  
  181  14:54  Overseer  
  181  14:56  Zergling x10  
  181  14:58  Baneling  
  181  14:59  Baneling x3  
  182  15:10  Baneling x11  
  178  15:19  Baneling  
  178  15:20  Baneling x5  
  177  15:25  Anabolic Synthesis  
  177  15:34  Hatchery  
  176  15:37  Ultralisk x2  
  188  15:48  Baneling x5  
  188  15:49  Overseer x2  
  187  15:53  Overlord  
  186  15:58  Overlord  
  186  16:02  Drone x7  
Show
View Real Time Build Order
Export as new Build Order

Serral Zerg - Winner!

Build Orders: Hatch First, Lurkers 

Get SALT Encoding   

  12  0:00  Drone  
  13  0:12  Overlord  
  13  0:16  Drone  
  14  0:30  Drone x2  
  16  0:48  Hatchery  
  15  0:51  Drone  
  15  0:54  Drone  
  17  0:59  Drone  
  18  1:09  Extractor  
  17  1:13  Spawning Pool  
  17  1:16  Drone  
  17  1:19  Drone  
  18  1:28  Drone  
  19  1:38  Drone  
  20  1:49  Drone  
  21  2:00  Queen x2, Overlord  
  21  2:01  Zergling x2  
  26  2:09  Metabolic Boost  
  26  2:10  Drone  
  26  2:11  Drone  
  28  2:22  Drone x2  
  30  2:33  Hatchery  
  30  2:35  Zergling x2  
  30  2:38  Drone  
  30  2:43  Baneling Nest  
  30  2:45  Drone  
  30  2:49  Overlord  
  31  2:53  Drone  
  31  2:55  Drone  
  33  3:04  Zergling x2  
  34  3:08  Drone x4  
  34  3:10  Drone  
  34  3:11  Drone  
  40  3:15  Overlord  
  40  3:19  Zergling x2  
  41  3:20  Drone  
  41  3:25  Evolution Chamber  
  41  3:29  Drone  
  41  3:30  Queen  
  41  3:33  Baneling  
  44  3:37  Zergling x2  
  45  3:42  Drone  
  45  3:43  Drone x3  
  45  3:45  Drone x2  
  51  3:50  Overlord  
  51  3:53  Zerg Missile Weapons Level 1  
  51  3:55  Drone  
  51  3:56  Drone x2  
  54  4:06  Drone, Zergling x2  
  54  4:07  Drone  
  57  4:10  Drone  
  57  4:11  Overlord  
  57  4:14  Roach Warren  
  57  4:15  Lair  
  57  4:16  Drone  
  58  4:18  Drone  
  58  4:22  Extractor x2, Drone x2  
  59  4:27  Overlord  
  59  4:28  Drone x2  
  60  4:39  Drone x3  
  60  4:40  Pneumatized Carapace  
  60  4:42  Drone x3  
  66  4:46  Drone x2  
  66  4:47  Drone x2  
  66  4:48  Drone  
  66  4:49  Drone  
  72  4:52  Extractor  
  72  4:54  Drone x3  
  74  5:01  Overlord  
  74  5:02  Drone  
  74  5:04  Extractor x2  
  74  5:05  Drone  
  74  5:10  Drone x3  
  74  5:14  Drone x2  
  78  5:16  Overseer  
  78  5:18  Drone  
  79  5:21  Overlord  
  79  5:23  Roach x4, Hatchery  
  79  5:27  Overlord  
  79  5:28  Glial Reconstitution  
  86  5:32  Roach  
  86  5:34  Baneling  
  86  5:35  Overlord x2  
  88  5:42  Evolution Chamber  
  87  5:43  Baneling x2  
  87  5:46  Queen x2  
  87  5:47  Queen  
  93  5:53  Roach x3  
  96  5:57  Baneling x3  
  96  5:59  Roach x3  
  102  6:04  Zerg Missile Weapons Level 2  
  102  6:10  Drone  
  99  6:14  Drone x3  
  99  6:16  Drone  
  99  6:17  Drone x4  
  103  6:25  Spore Crawler  
  103  6:26  Queen x2  
  103  6:29  Spore Crawler  
  103  6:31  Infestation Pit  
  104  6:35  Queen, Spore Crawler  
  105  6:40  Spore Crawler  
  105  6:41  Spore Crawler x2  
  105  6:43  Zerg Ground Armor Level 1  
  105  6:44  Drone x3  
  105  6:45  Drone  
  106  6:49  Drone x4  
  106  6:53  Spore Crawler  
  109  6:55  Queen  
  109  6:57  Spore Crawler  
  109  6:58  Overlord  
  110  7:08  Hive  
  110  7:09  Overlord  
  110  7:10  Overlord  
  110  7:16  Queen  
  110  7:21  Queen  
  108  7:23  Roach  
  108  7:24  Roach  
  108  7:28  Roach x3  
  107  7:31  Queen  
  107  7:34  Roach x2  
  107  7:36  Roach  
  107  7:37  Roach x2, Spore Crawler  
  118  7:38  Roach  
  118  7:39  Spore Crawler  
  118  7:46  Spore Crawler  
  118  7:47  Overlord x2  
  118  7:48  Roach  
  119  7:51  Overlord x2  
  119  7:52  Queen  
  119  7:57  Queen  
  117  8:00  Roach  
  119  8:06  Queen, Overlord  
  119  8:07  Roach x2  
  119  8:08  Roach x3  
  119  8:10  Roach  
  133  8:18  Spore Crawler  
  133  8:19  Roach  
  132  8:20  Roach x2  
  132  8:26  Viper x3  
  141  8:27  Queen  
  141  8:32  Ravager  
  138  8:36  Roach x3  
  141  8:42  Roach  
  141  8:46  Queen  
  143  8:52  Overlord x2  
  143  8:59  Overlord  
  143  9:00  Queen  
  143  9:04  Queen, Overlord, Spore Crawler  
  143  9:09  Queen  
  144  9:15  Drone x6, Hydralisk Den  
  147  9:17  Spore Crawler  
  147  9:19  Spore Crawler  
  147  9:20  Roach x2  
  147  9:22  Queen  
  147  9:23  Roach  
  153  9:29  Roach  
  153  9:30  Roach x2  
  157  9:36  Queen, Drone, Overlord  
  160  9:42  Spore Crawler  
  159  9:50  Overlord x2  
  159  9:53  Grooved Spines, Hydralisk x2  
  159  9:54  Lurker Den  
  159  9:56  Hydralisk  
  159  9:58  Hydralisk  
  159  9:59  Hydralisk  
  168  10:04  Spore Crawler  
  168  10:06  Hydralisk x2  
  161  10:09  Hydralisk  
  161  10:12  Hydralisk  
  163  10:16  Hydralisk x2  
  163  10:18  Hydralisk  
  169  10:23  Overseer  
  169  10:32  Hydralisk x4  
  169  10:33  Hydralisk  
  179  10:47  Drone x2  
  179  10:48  Drone x2  
  158  10:50  Drone x2  
  158  10:51  Extractor, Drone  
  158  10:52  Drone x4  
  158  10:53  Drone  
  158  10:55  Extractor  
  150  10:58  Lurker x2  
  152  11:07  Seismic Spines  
  152  11:09  Overseer  
  154  11:13  Drone  
  154  11:16  Lurker  
  154  11:20  Drone  
  154  11:21  Drone x2  
  157  11:28  Drone x4  
  157  11:31  Drone  
  162  11:40  Lurker x4  
  162  11:41  Lurker  
  167  11:49  Muscular Augments, Hydralisk  
  167  11:54  Hydralisk  
  169  11:58  Extractor  
  169  11:59  Extractor  
  169  12:03  Drone x2  
  169  12:04  Drone x2  
  169  12:07  Overlord  
  174  12:08  Drone x2  
  175  12:17  Burrow, Tunneling Claws  
  175  12:21  Drone  
  175  12:22  Drone x3  
  179  12:36  Zerg Ground Armor Level 2, Zerg Missile Weapons Level 3  
  179  12:44  Hydralisk x2  
  183  12:51  Hydralisk  
  183  12:52  Hydralisk  
  183  12:54  Adaptive Talons  
  187  13:06  Hydralisk  
  187  13:07  Hydralisk x3  
  195  13:14  Lurker x5  
  200  13:22  Extractor  
  198  13:31  Drone x2  
  200  13:40  Roach x2  
  200  13:41  Roach x2  
  199  13:54  Drone  
  200  13:59  Roach, Drone x2  
  200  14:00  Roach x2  
  200  14:01  Roach  
  190  14:11  Hatchery  
  187  14:22  Hydralisk x3  
  187  14:23  Hydralisk x2  
  194  14:36  Hydralisk x3  
  194  14:37  Hydralisk x2  
  186  15:02  Lurker x4  
  186  15:03  Lurker  
  186  15:04  Lurker x2  
  186  15:05  Roach, Lurker  
  186  15:06  Roach  
  192  15:07  Roach  
  188  15:16  Hydralisk x6  
  199  15:24  Roach x2  
  199  15:25  Overlord  
  199  15:26  Overlord  
  199  15:31  Overlord  
  199  15:36  Roach  
  199  15:37  Roach x2  
  199  15:41  Hatchery  
  196  15:47  Roach  
  196  15:48  Roach x2  
  192  15:57  Hydralisk  
  192  15:58  Hydralisk x3  
Tags
 
Add a new tag
Caveats
  • Supply blocks, unpowered buildings, or Contaminate may cause inaccurate times.
  • Supply counts are checked every 10 seconds.